MLB
MILWAUKEE BREWERS @ LOS ANGELES DODGERS
07/30/2018
 
TOP OF THE 1ST
Milwaukee Brewers batting - Pitching for Los Angeles Dodgers : RHP Chris Archer
Pitching: RHP Chris Archer
Batting: RHB Tommy Pham 0-0: Ball
1-0: SINGLE (Flyball, 8RS)
Batting: RHB Aaron Judge Pickoff Throw to First - Error! E1
Tommy Pham to second
0-0: Ball
1-0: Swinging Strike
1-1: Called Strike
1-2: Ball
2-2: Strikes out looking
Batting: LHB Seth Smith 0-0: Called Strike
0-1: Foul Ball, location: 2F
0-2: Foul Ball, location: 2F
0-2: Ball
1-2: Ball
2-2: Foul Ball, location: 2F
2-2: Ball
3-2: Strikes out looking
Batting: RHB Miguel Cabrera 0-0: Ball
1-0: Swinging Strike
1-1: Foul Ball, location: 2F
1-2: Foul Ball, location: 2F
1-2: DOUBLE (Groundball, 5L)
Tommy Pham scores
Batting: RHB Eugenio Suarez 0-0: Ball
1-0: Called Strike
1-1: Swinging Strike
1-2: Ball
2-2: Foul Ball, location: 2F
2-2: Foul Ball, location: 2F
2-2: Foul Ball, location: 2F
2-2: Strikes out swinging
Top of the 1st over - 1 run, 2 hits, 1 error, 1 left on base; Milwaukee 1 - Los Angeles 0
BOTTOM OF THE 1ST
Los Angeles Dodgers batting - Pitching for Milwaukee Brewers : RHP Lance McCullers Jr.
Pitching: RHP Lance McCullers Jr.
Batting: RHB Mookie Betts 0-0: Fly out, F9 (Flyball, 9LMF)
Batting: RHB Jose Peraza 0-0: Called Strike
0-1: Called Strike
0-2: Strikes out swinging
Batting: RHB Josh Donaldson 0-0: Called Strike
0-1: Swinging Strike
0-2: Ball
1-2: Strikes out swinging
Bottom of the 1st over - 0 runs, 0 hits, 0 errors, 0 left on base; Milwaukee 1 - Los Angeles 0
TOP OF THE 2ND
Milwaukee Brewers batting - Pitching for Los Angeles Dodgers : RHP Chris Archer
Batting: RHB Logan Forsythe 0-0: Foul Ball, location: 2F
0-1: Ball
1-1: SINGLE (Line Drive, 5D)
Batting: RHB Austin Barnes 0-0: Foul Ball, location: 2F
0-1: Ball
1-1: Called Strike
1-2: Strikes out swinging
Batting: RHB Addison Russell 0-0: SINGLE (Groundball, 34D)
Logan Forsythe to second
Runner from 2nd tries for 3rd, SAFE, throw by RF made to third
Batting: LHB Lance McCullers Jr. 0-0: Grounds into double play, 4-6-3 (Groundball, 4)
Top of the 2nd over - 0 runs, 2 hits, 0 errors, 1 left on base; Milwaukee 1 - Los Angeles 0
BOTTOM OF THE 2ND
Los Angeles Dodgers batting - Pitching for Milwaukee Brewers : RHP Lance McCullers Jr.
Batting: RHB Randal Grichuk 0-0: Ball
1-0: Ball
2-0: Foul Ball, location: 2F
2-1: SINGLE (Line Drive, 78M)
Batting: RHB Jonathan Schoop 0-0: Ball
1-0: Called Strike
1-1: Foul Ball, location: 2F
1-2: Ball
2-2: Fly out, F5 (Line Drive, 5)
Batting: LHB Brett Gardner 0-0: Called Strike
0-1: Fly out, F9 (Line Drive, 9)
Batting: RHB Evan Gattis 0-0: Ball
1-0: Called Strike
1-1: Foul Ball, location: 2F
1-2: Ball
2-2: Strikes out swinging
Bottom of the 2nd over - 0 runs, 1 hit, 0 errors, 1 left on base; Milwaukee 1 - Los Angeles 0
TOP OF THE 3RD
Milwaukee Brewers batting - Pitching for Los Angeles Dodgers : RHP Chris Archer
Batting: RHB Tommy Pham 0-0: Called Strike
0-1: Called Strike
0-2: Ball
1-2: SINGLE (Line Drive, 8RS)
Batting: RHB Aaron Judge 0-0: Ball
1-0: Called Strike
1-1: Swinging Strike
1-2: Ball
2-2: Strikes out looking
Batting: LHB Seth Smith 0-0: Swinging Strike
0-1: Ball
1-1: Fly out, F8 (Flyball, 8LM)
Batting: RHB Miguel Cabrera 0-0: Ball
1-0: Ball
2-0: Called Strike
2-1: Foul Ball, location: 2F
2-2: Fly out, F8 (Line Drive, 8LM)
Top of the 3rd over - 0 runs, 1 hit, 0 errors, 1 left on base; Milwaukee 1 - Los Angeles 0
BOTTOM OF THE 3RD
Los Angeles Dodgers batting - Pitching for Milwaukee Brewers : RHP Lance McCullers Jr.
Batting: SHB Justin Smoak 0-0: Ball
1-0: Ball
2-0: Foul Ball, location: 2F
2-1: Foul Ball, location: 2F
2-2: Strikes out swinging
Batting: RHB Chris Archer 0-0: Called Strike
0-1: Foul Ball, location: 2F
0-2: Foul Ball, location: 2F
0-2: Foul Ball, location: 2F
0-2: Strikes out looking
Batting: RHB Mookie Betts 0-0: Ball
1-0: Foul Ball, location: 2F
1-1: Ball
2-1: Ball
3-1: Foul Ball, location: 2F
3-2: Ground out 6-3 (Groundball, 6MS)
Bottom of the 3rd over - 0 runs, 0 hits, 0 errors, 0 left on base; Milwaukee 1 - Los Angeles 0
TOP OF THE 4TH
Milwaukee Brewers batting - Pitching for Los Angeles Dodgers : RHP Chris Archer
Batting: RHB Eugenio Suarez 0-0: Fly out, F8 (Line Drive, 8RM)
Now in CF: Brian Goodwin
Batting: RHB Logan Forsythe 0-0: Called Strike
0-1: SOLO HOME RUN (Flyball, 89XD), Distance : 386 ft
Batting: RHB Austin Barnes 0-0: Foul Ball, location: 2F
0-1: Ball
1-1: Ball
2-1: Ball
3-1: Base on Balls
Batting: RHB Addison Russell 0-0: Ball
Austin Barnes steals 2nd base
1-0: Ball
2-0: Ball
3-0: Called Strike
3-1: Ground out U3 (Groundball, 34)
Austin Barnes to third
Batting: LHB Lance McCullers Jr. 0-0: Foul Ball, location: 2F
0-1: Swinging Strike
0-2: Strikes out swinging, 2-3 out at first.
Top of the 4th over - 1 run, 1 hit, 0 errors, 1 left on base; Milwaukee 2 - Los Angeles 0
BOTTOM OF THE 4TH
Los Angeles Dodgers batting - Pitching for Milwaukee Brewers : RHP Lance McCullers Jr.
Batting: RHB Jose Peraza 0-0: Called Strike
0-1: Ball
1-1: Foul Ball, location: 2F
1-2: Foul Ball, location: 2F
1-2: Strikes out swinging
Batting: RHB Josh Donaldson 0-0: Swinging Strike
0-1: Ball
1-1: Foul Ball, location: 2F
1-2: Foul Ball, location: 2F
1-2: Foul Ball, location: 2F
1-2: Foul Ball, location: 2F
1-2: Foul Ball, location: 2F
1-2: Foul Ball, location: 2F
1-2: Foul Ball, location: 2F
1-2: Foul Ball, location: 2F
1-2: Foul Ball, location: 2F
1-2: SOLO HOME RUN (Flyball, 78XD), Distance : 396 ft
Batting: RHB Randal Grichuk 0-0: Foul Ball, location: 2F
0-1: Ball
1-1: Fly out, F7 (Line Drive, 7)
Batting: RHB Jonathan Schoop 0-0: Ball
1-0: Called Strike
1-1: Ground out 6-3 (Groundball, 6)
Bottom of the 4th over - 1 run, 1 hit, 0 errors, 0 left on base; Milwaukee 2 - Los Angeles 1
TOP OF THE 5TH
Milwaukee Brewers batting - Pitching for Los Angeles Dodgers : RHP Chris Archer
Batting: RHB Tommy Pham 0-0: Foul Ball, location: 2F
0-1: Swinging Strike
0-2: Foul Ball, location: 2F
0-2: Ball
1-2: Ball
2-2: Ball
3-2: Fly out, F7 (Flyball, 7LS)
Batting: RHB Aaron Judge 0-0: Ball
1-0: Foul Ball, location: 2F
1-1: Foul Ball, location: 2F
1-2: Foul Ball, location: 2F
1-2: Ball
2-2: Strikes out looking
Batting: LHB Seth Smith 0-0: Called Strike
0-1: Ball
1-1: Ball
2-1: Foul Ball, location: 2F
2-2: Ground out 5-3 (Groundball, 56)
Top of the 5th over - 0 runs, 0 hits, 0 errors, 0 left on base; Milwaukee 2 - Los Angeles 1
BOTTOM OF THE 5TH
Los Angeles Dodgers batting - Pitching for Milwaukee Brewers : RHP Lance McCullers Jr.
Batting: LHB Brian Goodwin 0-0: Foul Ball, location: 2F
0-1: Ground out 2-3 (Groundball, 15S)
Batting: RHB Evan Gattis 0-0: Ball
1-0: Swinging Strike
1-1: Ground out 6-3 (Groundball, 56)
Batting: SHB Justin Smoak 0-0: Ball
1-0: Swinging Strike
1-1: Ball
2-1: Swinging Strike
2-2: Foul Ball, location: 2F
2-2: SINGLE (Line Drive, 9S)
Batting: RHB Chris Archer 0-0: Swinging Strike
0-1: Ball
1-1: Swinging Strike
1-2: Ball
2-2: Strikes out swinging
Bottom of the 5th over - 0 runs, 1 hit, 0 errors, 1 left on base; Milwaukee 2 - Los Angeles 1
TOP OF THE 6TH
Milwaukee Brewers batting - Pitching for Los Angeles Dodgers : RHP Chris Archer
Batting: RHB Miguel Cabrera 0-0: Ball
1-0: Ball
2-0: Ball
3-0: Ground out U3 (Groundball, 34)
Batting: RHB Eugenio Suarez 0-0: Called Strike
0-1: DOUBLE (Line Drive, 78XD)
Batting: RHB Logan Forsythe 0-0: Called Strike
0-1: Foul Ball, location: 2F
0-2: Ball
1-2: Ball
2-2: Foul Ball, location: 2F
2-2: Ball
3-2: Fly out, F8 (Flyball, 8LXD)
Runner from 2nd tags up, SAFE at 3rd, no throw by CF
Pitching: RHP Jonathan Holder
Batting: RHB Austin Barnes 0-0: Called Strike
0-1: Ball
1-1: Ball
2-1: Called Strike
2-2: Ball
3-2: Fly out, F8 (Flyball, 8RXD)
Top of the 6th over - 0 runs, 1 hit, 0 errors, 1 left on base; Milwaukee 2 - Los Angeles 1
BOTTOM OF THE 6TH
Los Angeles Dodgers batting - Pitching for Milwaukee Brewers : RHP Lance McCullers Jr.
Batting: RHB Mookie Betts 0-0: Ball
1-0: Ball
2-0: Called Strike
2-1: Swinging Strike
2-2: Foul Ball, location: 2F
2-2: Strikes out swinging
Batting: RHB Jose Peraza 0-0: Foul Ball, location: 2F
0-1: Called Strike
0-2: Foul Ball, location: 2F
0-2: SINGLE (Line Drive, 5D)
Batting: RHB Josh Donaldson 0-0: Called Strike
0-1: Ball
1-1: Foul Ball, location: 2F
1-2: Foul Ball, location: 2F
1-2: Foul Ball, location: 2F
1-2: Grounds into double play, 6-4-3 (Groundball, 56)
Bottom of the 6th over - 0 runs, 1 hit, 0 errors, 0 left on base; Milwaukee 2 - Los Angeles 1
TOP OF THE 7TH
Milwaukee Brewers batting - Pitching for Los Angeles Dodgers : RHP Jonathan Holder
Batting: RHB Addison Russell 0-0: Fly out, F9 (Flyball, 89D)
Pinch Hitting: RHB Jabari Blash 0-0: Ball
1-0: Ball
2-0: Called Strike
2-1: Ball
3-1: Called Strike
3-2: Foul Ball, location: 2F
3-2: Fly out, F8 (Flyball, 8RM)
Batting: RHB Tommy Pham 0-0: Called Strike
0-1: SINGLE (Line Drive, 4MD)
Batting: RHB Aaron Judge 0-0: Called Strike
0-1: Ball
1-1: Swinging Strike
1-2: Ball
2-2: Ball
3-2: Strikes out swinging
Top of the 7th over - 0 runs, 1 hit, 0 errors, 1 left on base; Milwaukee 2 - Los Angeles 1
BOTTOM OF THE 7TH
Los Angeles Dodgers batting - Pitching for Milwaukee Brewers : RHP Lance McCullers Jr.
Pitching: RHP Craig Kimbrel
Batting: RHB Randal Grichuk 0-0: Fly out, F7 (Line Drive, 7)
Batting: RHB Jonathan Schoop 0-0: Called Strike
0-1: Called Strike
0-2: Strikes out swinging
Batting: LHB Brian Goodwin 0-0: Called Strike
0-1: Ball
1-1: Ball
2-1: Swinging Strike
2-2: Foul Ball, location: 2F
2-2: Ball
3-2: Strikes out swinging
Bottom of the 7th over - 0 runs, 0 hits, 0 errors, 0 left on base; Milwaukee 2 - Los Angeles 1
TOP OF THE 8TH
Milwaukee Brewers batting - Pitching for Los Angeles Dodgers : RHP Jonathan Holder
Pitching: RHP Keynan Middleton
Batting: LHB Seth Smith 0-0: Called Strike
0-1: Ball
1-1: Called Strike
1-2: Ground out 5-3 (Groundball, 5L)
Batting: RHB Miguel Cabrera 0-0: Ball
1-0: Foul Ball, location: 2F
1-1: Foul Ball, location: 2F
1-2: Foul Ball, location: 2F
1-2: Fly out, F7 (Flyball, 7S)
Batting: RHB Eugenio Suarez 0-0: Ball
1-0: Ball
2-0: Foul Ball, location: 2F
2-1: Foul Ball, location: 2F
2-2: Foul Ball, location: 2F
2-2: Ball
3-2: DOUBLE (Groundball, 5L)
Batting: RHB Logan Forsythe 0-0: Ground out U3 (Groundball, 34S)
Top of the 8th over - 0 runs, 1 hit, 0 errors, 1 left on base; Milwaukee 2 - Los Angeles 1
BOTTOM OF THE 8TH
Los Angeles Dodgers batting - Pitching for Milwaukee Brewers : RHP Craig Kimbrel
Batting: RHB Evan Gattis 0-0: Foul Ball, location: 2F
0-1: Called Strike
0-2: Foul Ball, location: 2F
0-2: Ball
1-2: Ball
2-2: Foul Ball, location: 2F
2-2: Ball
3-2: Strikes out looking
Batting: SHB Justin Smoak 0-0: Ball
1-0: Ball
2-0: Swinging Strike
2-1: Ball
3-1: Base on Balls
Pinch Hitting: SHB Wilmer Difo 0-0: Swinging Strike
0-1: Ball
1-1: Foul Ball, location: 2F
1-2: Strikes out looking
Batting: RHB Mookie Betts 0-0: Foul Ball, location: 2F
0-1: Ball
1-1: Ball
2-1: Swinging Strike
2-2: Strikes out looking
Bottom of the 8th over - 0 runs, 0 hits, 0 errors, 1 left on base; Milwaukee 2 - Los Angeles 1
TOP OF THE 9TH
Milwaukee Brewers batting - Pitching for Los Angeles Dodgers : RHP Keynan Middleton
Pitching: RHP Scott Oberg
Batting: RHB Austin Barnes 0-0: Called Strike
0-1: Foul Ball, location: 2F
0-2: Foul Ball, location: 2F
0-2: Ball
1-2: Foul Ball, location: 2F
1-2: Foul Ball, location: 2F
1-2: Fly out, F8 (Flyball, 8LXD)
Batting: RHB Addison Russell 0-0: Ball
1-0: Foul Ball, location: 2F
1-1: Foul Ball, location: 2F
1-2: Ball
2-2: Fly out, F8 (Flyball, 78M)
Pinch Hitting: LHB Lucas Duda 0-0: Ball
1-0: Called Strike
1-1: Foul Ball, location: 2F
1-2: Foul Ball, location: 2F
1-2: Foul Ball, location: 2F
1-2: SINGLE (Flyball, 78M)
Batting: RHB Tommy Pham 0-0: Ball
1-0: Called Strike
1-1: Ball
2-1: Foul Ball, location: 2F
2-2: Foul Ball, location: 2F
2-2: Fly out, F4 (Popup, 13)
Top of the 9th over - 0 runs, 1 hit, 0 errors, 1 left on base; Milwaukee 2 - Los Angeles 1
BOTTOM OF THE 9TH
Los Angeles Dodgers batting - Pitching for Milwaukee Brewers : RHP Craig Kimbrel
Pitching: LHP Andrew Miller
Batting: RHB Jose Peraza 0-0: Fly out, F8 (Line Drive, 8RM)
Batting: RHB Josh Donaldson 0-0: SINGLE (Flyball, 8RXD)
Batting: RHB Randal Grichuk 0-0: Ball
1-0: Swinging Strike
1-1: Foul Ball, location: 2F
1-2: Strikes out swinging
Batting: RHB Jonathan Schoop 0-0: Ball
1-0: Ball
2-0: Foul Ball, location: 2F
2-1: Called Strike
2-2: Strikes out looking
Bottom of the 9th over - 0 runs, 1 hit, 0 errors, 1 left on base; Milwaukee 2 - Los Angeles 1
Sunday, October 7th, 2018 - OOTP Baseball 19.8 Build 79